 Dungeon Crawl Stone Soup version 0.30-a0-937-ga0a21ad780 (webtiles) character file.

Game seed: 3381951469204601454

1278 Demosthentine the Trooper (level 8, -3/62 HPs)
             Began as a Demonspawn Gladiator on Mar 25, 2023.
             Was an Initiate of Jiyva.
             Slain by a gnoll sergeant
             ... wielding a +1 spear of venom
              (13 damage)
             ... on level 6 of the Dungeon.
             The game lasted 00:06:40 (5252 turns).

Demosthentine the Trooper (Demonspawn Gladiator)    Turns: 5252, Time: 00:06:40

Health: -3/62      AC:  5    Str: 17    XL:     8   Next: 29%
Magic:  8/8        EV: 15    Int: 10    God:    Jiyva [......]
Gold:   375        SH:  0    Dex: 20    Spells: 7/7 levels left

rFire   . . .      SeeInvis .    a - +1 trident
rCold   . . .      Faith    .    (no shield)
rNeg    + . .      Spirit   .    b - +0 leather armour
rPois   .          Reflect  .    (helmet restricted)
rElec   .          Rampage  .    p - +0 cloak
rCorr   .                        m - +0 pair of gloves
Will    .....                    (no boots)
Stlth   ++                       (no amulet)
HPRegen 0.30/turn                f - ring of positive energy
MPRegen 0.22/turn                v - +6 ring of dexterity

@: lethally poisoned (-3 -> -8)
A: horns 1, spiny 2, magic regeneration, sturdy frame 1
a: Renounce Religion


You were on level 6 of the Dungeon.
You worshipped Jiyva.
Jiyva was noncommittal.
You visited 2 branches of the dungeon, and saw 7 of its levels.
You also visited: Sewer.

You collected 375 gold pieces.

Inventory:

Hand Weapons
 a - a +1 trident (weapon)
Missiles
 e - a javelin (quivered)
Armour
 b - a +0 leather armour (worn)
 m - a +0 pair of gloves (worn)
 p - a +0 cloak (worn)
Jewellery
 f - a ring of positive energy (left hand)
 v - a +6 ring of dexterity (right hand)
Wands
 o - a wand of flame (12)
Scrolls
 g - 4 scrolls of teleportation
 q - 3 scrolls of magic mapping
 t - a scroll of fog
 w - a scroll of blinking
Potions
 h - 2 potions of flight
 i - 3 potions of lignification
 j - a potion of berserk rage
 k - a potion of attraction
 l - 2 potions of magic
 n - 2 potions of curing {unknown}
 r - 3 potions of might
 s - 3 potions of brilliance {unknown}
 u - 2 potions of heal wounds {unknown}
 x - 2 potions of invisibility {unknown}


   Skills:
 + Level 5.3 Fighting
 + Level 5.3 Polearms
 - Level 1.7 Throwing
 + Level 4.3 Armour
 + Level 5.3 Dodging


You had 7 spell levels left.
You didn't know any spells.
Your spell library contained the following spells:

 Spells                   Type           Power      Damage    Failure   Level
 Ensorcelled Hibernation  Hex/Ice        0%         N/A       52%         2
 Dazzling Flash           Conj/Hex       0%         N/A       75%         3
 Kindle Blastsparks       Fire/Tloc/Air  0%         2d10      75%         3
 Spider Form              Tmut/Pois      0%         N/A       75%         3
 Anguish                  Hex/Necr       0%         N/A       98%         4
 Fulminant Prism          Conj/Hex       0%         3d5       98%         4
 Iskenderun's Mystic Bla  Conj/Tloc      0%         2d3       98%         4
 Lee's Rapid Deconstruct  Erth           0%         3d4*      100%        5
 Starburst                Conj/Fire      0%         6d3       100%        6


Dungeon Overview and Level Annotations

Branches:
Dungeon (6/15)             Temple (1/1) D:5           Sewer (visited)

Altars:
Ashenzari
Cheibriados
Fedhas
Gozag
Kikubaaqudgha
Makhleb
Nemelex Xobeh
Okawaru
Qazlal
Ru
Sif Muna
Trog
Uskayaw
Vehumet
Yredelemnul


Innate Abilities, Weirdness & Mutations

You have a pair of small horns on your head.
You are mostly covered in sharp spines.
You regenerate magic rapidly.
Your movements are slightly less encumbered by armour. (ER -2)


Message History

You reach to attack!
You catch the helpless gnoll sergeant completely off-guard!
You hit the gnoll sergeant but do no damage.
The gnoll sergeant is severely wounded.
You feel very sick.
The gnoll sergeant struggles against the net.
Reach: a) +1 trident
Press: ? - help, Dir - move target, f/p - gnoll sergeant
Aim: a gnoll sergeant, wielding a +1 spear of venom, wearing a +0 scale mail and wearing a +0 buckler (severely wounded, entangled in a net, about 6% to evade your +1 trident)
You reach to attack!
You strike the helpless gnoll sergeant from behind!
You hit the gnoll sergeant but do no damage.
The gnoll sergeant is severely wounded.
You feel very sick.
The gnoll sergeant struggles against the net.
Reach: a) +1 trident
Press: ? - help, Dir - move target, f/p - gnoll sergeant
Aim: a gnoll sergeant, wielding a +1 spear of venom, wearing a +0 scale mail and wearing a +0 buckler (severely wounded, entangled in a net, about 6% to evade your +1 trident)
You reach to attack!
You hit the gnoll sergeant but do no damage.
The gnoll sergeant is severely wounded.
You feel very sick.
The gnoll sergeant struggles against the net.
Reach: a) +1 trident
Press: ? - help, Dir - move target, f/p - gnoll sergeant
Aim: a gnoll sergeant, wielding a +1 spear of venom, wearing a +0 scale mail and wearing a +0 buckler (severely wounded, entangled in a net, about 6% to evade your +1 trident)
You reach to attack!
You hit the gnoll sergeant but do no damage.
The gnoll sergeant is severely wounded.
You feel very sick.
The gnoll sergeant struggles against the net.
The net rips apart, and the gnoll sergeant comes free!
Throw: throwing net
Press: ? - help, Q - select action, (/) - cycle Shift-Dir - straight line, f/p - gnoll sergeant
Aim: a gnoll sergeant, wielding a +1 spear of venom, wearing a +0 scale mail and wearing a +0 buckler (severely wounded, 71% to hit)
You throw a throwing net.
The gnoll sergeant blocks the throwing net.
You feel sick.
The gnoll sergeant hits you from afar with a +1 spear of venom!
You die...

#.# #.##.# #.# #.# #.#
#.##.# ..# #.##
#.####....# ### #..#
#...####..# ##.#
##.#.####..# #.#
#.......#..# #.#
#.......#..# #.#
#.......#..# #.#
#.......@..# #.#
#.......#.##.######.#
#.......#g##........#
#.........####.##.####
####.................#
###.####.#####.##.#
#.# #.##.# #. #.##g#
.....g


You could see a gnoll sergeant.

Vanquished Creatures
  A sky beast (D:6)
  A black bear (D:4)
  A kobold brigand (D:6)
  5 scorpions
  The ghost of Kodiak the Covered, a weakling MiFi (D:4)
  2 hounds (D:4)
  Crazy Yiuf (D:2)
  5 jellies
  2 iguanas
  A sleepcap (D:6)
  3 orc wizards
  3 gnolls (D:5)
  8 adders
  A river rat (Sewer)
  A white imp (D:6)
  2 ufetubi
  3 worms
  2 dart slugs
  20 orcs
  10 endoplasms
  4 giant cockroaches
  10 goblins
  14 hobgoblins
  6 jackals
  3 quokkas
  15 ball pythons
  14 bats
  11 frilled lizards
  8 kobolds
  8 rats
166 creatures vanquished.

Vanquished Creatures (others)
  A scorpion (D:6)
  A howler monkey (D:6)
  5 jellies (D:6)
  A hound (D:6)
  An iguana (D:6)
  5 gnolls (D:6)
  A white imp (D:6)
  An orc (D:6)
16 creatures vanquished.

Grand Total: 182 creatures vanquished

Notes
Turn   | Place    | Note
-------+----------+-------------------------------------------
     0 | D:1      | Demosthentine the Demonspawn Gladiator began the quest for
                  | the Orb.
     0 | D:1      | Reached XP level 1. HP: 16/16 MP: 1/1
    95 | D:1      | Gained mutation: You are partially covered in sharp spines.
                  | [demonic ancestry]
    95 | D:1      | Reached XP level 2. HP: 22/22 MP: 2/2
   325 | D:1      | Reached skill level 1 in Armour
   350 | D:1      | Gained mutation: You regenerate magic rapidly. [demonic
                  | ancestry]
   350 | D:1      | Reached XP level 3. HP: 28/28 MP: 3/3
  1054 | D:2      | Reached XP level 4. HP: 30/34 MP: 4/4
  1201 | D:2      | Found a runed translucent door.
  1202 | D:2      | Noticed Crazy Yiuf
  1465 | D:2      | Killed Crazy Yiuf
  1466 | D:2      | Reached XP level 5. HP: 16/41 MP: 0/5
  1655 | D:3      | Found a faded altar of an unknown god.
  1828 | D:3      | Found a radiant altar of Vehumet.
  2183 | D:3      | Found an ancient bone altar of Kikubaaqudgha.
  2308 | D:4      | Gained mutation: Your movements are slightly less
                  | encumbered by armour. (ER -2) [demonic ancestry]
  2308 | D:4      | Reached XP level 6. HP: 30/47 MP: 6/6
  2706 | D:4      | Gained mutation: You are mostly covered in sharp spines.
                  | [demonic ancestry]
  2706 | D:4      | Reached XP level 7. HP: 30/54 MP: 7/7
  2893 | D:4      | Found a sparkling altar of Nemelex Xobeh.
  2895 | D:4      | Found a snail-covered altar of Cheibriados.
  2904 | D:4      | Found a runed translucent door.
  3184 | D:4      | Noticed Kodiak's ghost (weakling MiFi)
  3197 | D:4      | Killed Kodiak's ghost
  3257 | D:5      | Entered Level 5 of the Dungeon
  3415 | D:5      | Found a staircase to the Ecumenical Temple.
  3703 | D:5      | Found a bloodstained altar of Trog.
  4155 | Temple   | Entered the Ecumenical Temple
  4332 | D:6      | Found a glowing drain.
  4349 | Sewer    | Entered a sewer
  4626 | Sewer    | Reached skill level 5 in Polearms
  4636 | Sewer    | Found a viscous altar of Jiyva.
  4643 | Sewer    | Reached skill level 5 in Fighting
  4643 | Sewer    | Reached skill level 5 in Dodging
  4643 | Sewer    | Gained mutation: You have a pair of small horns on your
                  | head. [demonic ancestry]
  4643 | Sewer    | Reached XP level 8. HP: 48/62 MP: 8/8
  4649 | Sewer    | Became a worshipper of Jiyva Juleraur the Shapeless
  5252 | D:6      | Slain by a gnoll sergeant

Illustrated notes

Levels and vault maps discovered:
D:1:      lightli_molten_gateway, layout_basic
D:2:      layout_rooms, nicolae_half_adder, uniq_crazy_yiuf_cottage
D:3:      layout_rooms, marbit_many_paths, vehumet_altar_wand_db,
          hellmonk_ecumenical_altar_blasted
D:4:      layout_loops_ring, chequers_temple_overflow_statue_of_worship,
          ebering_ghost_reflecting_pool, roderic_batcave, minmay_quadrilaterals
D:5:      layout_loops_ring, minitemple, minmay_temple_entry_sparse_star,
          minivault_5
D:6:      layout_loops_ring, lemuel_doored_altar, cheibrodos_sewer_entry_sluice,
          nicolae_elevator_lobby_plus
Temple:   nicolae_temple_x_marks_the_god

Skill      XL: |  1  2  3  4  5  6  7 |
---------------+----------------------+-----
Dodging        | 3 4 5 |  5.3
Polearms       | 3 4 5 |  5.3
Armour         | 1 2 3 4 |  4.3
Fighting       | 3 4 5 |  5.3
Throwing       | |  1.7

Action                     |  1- 3 |  4- 6 |  7- 9 || total
---------------------------+-------+-------+-------++-------
  Melee: Trident           |    94 |   128 |   193 ||   415
         Punch             |       |     2 |     1 ||     3
         Headbutt          |       |       |     3 ||     3
  Throw: Throwing net      |       |     1 |     2 ||     3
    Use: Scroll            |     4 |     8 |     4 ||    16
         Potion            |       |       |     1 ||     1
   Stab: Sleeping          |     3 |     1 |     5 ||     9
         Held in net/web   |       |       |     2 ||     2
 Armour: Leather armour    |    18 |    40 |    23 ||    81
  Dodge: Dodged            |    45 |    71 |    76 ||   192

Table legend: (Time is in decaauts)
 A = Elapsed time spent in this place.
 B = Non-inter-level travel time spent in this place.
 C = Inter-level travel time spent in this place.
 D = Time resting spent in this place.
 E = Time spent auto-exploring this place.
 F = Levels seen in this place.
 G = Mean time per level.
                   A        B        C        D        E       F      G
               +--------+--------+--------+--------+--------+-----+--------+
         Total |   5319 |   5184 |    135 |    160 |   4039 |   8 |  664.9 |
       Dungeon |   4878 |   4743 |    135 |    160 |   3731 |   6 |  813.0 |
        Temple |     60 |     60 |      0 |      0 |     46 |   1 |   60.0 |
         Sewer |    380 |    380 |      0 |      0 |    262 |   1 |  380.0 |
               +--------+--------+--------+--------+--------+-----+--------+

Top non-repeatable levels by time:
     D:4: 1055 daAuts
     D:5: 917 daAuts
     D:1: 859 daAuts
     D:2: 773 daAuts
     D:6: 673 daAuts
     D:3: 599 daAuts
   Sewer: 380 daAuts
  Temple: 60 daAuts
